 Dungeon Crawl Stone Soup version 0.29.1-2-gbd0b4ee654 (webtiles) character file.

Game seed: 18361912223921120910

954 KittyFluff the Twirler (level 8, -5/49 HPs)
             Began as a Gargoyle Berserker on Oct 27, 2022.
             Was a Priest of Trog.
             Killed from afar by a white imp (10 damage)
             ... with a puff of frost
             ... on level 5 of the Dungeon.
             The game lasted 00:18:15 (5512 turns).

KittyFluff the Twirler (Gargoyle Berserker)         Turns: 5512, Time: 00:18:15

Health: -5/49      AC:  7    Str: 26    XL:     8   Next: 14%
Magic:  8/8        EV: 12    Int:  9    God:    Trog [***...]
Gold:   237        SH:  0    Dex: 11    Spells: 7/7 levels left

rFire   . . .      SeeInvis .   f - +0 quarterstaff
rCold   . . .      Faith    .   (shield currently unavailable)
rNeg    + . .      Spirit   .   b - +0 animal skin
rPois   ∞          Reflect  .   (no helmet)
rElec   +          Harm     .   (no cloak)
rCorr   .          Rampage  .   (no gloves)
Will    .....                   (no boots)
Stlth   +.........              (no amulet)
HPRegen 0.16/turn               v - +6 ring of strength
MPRegen 0.11/turn               (no ring)

@: on berserk cooldown, slowed, very slow
A: sickness immunity, AC +5, negative energy resistance 1, electricity
resistance, torment resistance 1, petrification resistance
a: Renounce Religion, Berserk, Trog's Hand


You were on level 5 of the Dungeon.
You worshipped Trog.
Trog was most pleased with you.
You visited 1 branch of the dungeon, and saw 5 of its levels.

You collected 237 gold pieces.

Inventory:

Hand Weapons
 a - a +0 mace
 f - a +0 quarterstaff (weapon)
Missiles
 h - 11 poisoned darts (quivered)
Armour
 b - a +0 animal skin (worn)
 j - a +0 leather armour
Jewellery
 u - a ring of ice
 v - a +6 ring of strength (left hand)
Scrolls
 d - a scroll of immolation {unknown}
 m - a scroll of blinking {unknown}
 n - 2 scrolls of noise {unknown}
 q - a scroll of vulnerability {unknown}
 r - 2 scrolls of fear {unknown}
 s - a scroll of torment {unknown}
 t - 2 scrolls of teleportation {unknown}
Potions
 c - a potion of attraction
 e - a potion of flight
 g - 8 potions of curing
 i - a potion of mutation
 k - a potion of haste {unknown}
 l - 2 potions of might {unknown}
 o - a potion of degeneration {unknown}
 p - a potion of brilliance {unknown}


   Skills:
 + Level 5.0 Fighting
 + Level 4.4(6.0) Maces & Flails
 * Level 6.4(7.1) Staves
 + Level 3.0 Armour
 + Level 3.1 Dodging
 + Level 0.9 Stealth


You had 7 spell levels left.
You didn't know any spells.
Your spell library was empty.

Dungeon Overview and Level Annotations

Branches:
Dungeon (5/15)
 Temple: D:4-7

Altars:
Dithmenos
Sif Muna


Innate Abilities, Weirdness & Mutations

You are immune to sickness and miasma.
Your stone body is resilient. (AC +5)
You are immune to poison.
You resist negative energy. (rN+)
You are resistant to electric shocks. (rElec)
You are resistant to unholy torment.
You are immune to petrification.


Message History

You feel a strong urge to attack something.
The gnoll hits you from afar with a +0 spear.
Things that are here:
a +0 halberd; a +0 whip You are no longer berserk.
You are exhausted.
You feel yourself slow down. The gnoll hits you with a +0 club.
Things that are here:
a +0 whip; a +0 leather armour The gnoll hits you but does no damage.
The gnoll misses you.
The gnoll hits you from afar with a +0 spear.
Things that are here:
a +0 halberd; a +0 whip The gnoll is no longer moving quickly.
The gnoll misses you.
You see here a +0 club.
You barely miss the gnoll.
The gnoll hits you from afar with a +0 spear.
The gnoll hits you with a +0 club. The gnoll closely misses you. x2
You sock the gnoll!
You kill the gnoll!
Trog accepts your kill. The gnoll barely misses you.
The gnoll barely misses you. The gnoll hits you with a +0 spear.
Items here: ))) †.
You thump the gnoll!
You kill the gnoll!
Trog accepts your kill.
You start resting.
A white imp comes into view.
The white imp shouts!
The white imp gestures at you. The puff of frost hits you!
* * * LOW HITPOINT WARNING * * *
You see here a +0 club.
The white imp gestures at you. The puff of frost hits you.
* * * LOW HITPOINT WARNING * * *
The white imp gestures at you. The puff of frost hits you!
You die...

.# #..... ##.# #.... ...#
#...# ...####...#
..........# .######.†.#
...## #...# ### ....# #...#
#####.######.
....###...#####5@))).......
................###........
....############# ..#######
##### ##.. ##############
##.. .............# #..
############## .## .#


You could see a white imp.

Vanquished Creatures
  Sigmund (D:4)
  An ice beast (D:5)
  A phantom (D:4)
  2 scorpions
  A necrophage (D:4)
  A howler monkey (D:5)
  A gnoll bouda (D:5)
  An orc priest (D:5)
  Jessica (D:2)
  2 iguanas (D:5)
  12 gnolls
  7 adders
  3 worms
  6 dart slugs
  7 orcs
  4 endoplasms
  5 giant cockroaches
  5 goblins
  10 hobgoblins
  2 jackals (D:2)
  4 quokkas
  6 ball pythons
  10 bats
  3 frilled lizards
  12 kobolds
  2 rats
110 creatures vanquished.

Vanquished Creatures (others)
  3 toadstools (D:5)
3 creatures vanquished.

Grand Total: 113 creatures vanquished

Notes
Turn   | Place    | Note
-------+----------+-------------------------------------------
     0 | D:1      | KittyFluff the Gargoyle Berserker began the quest for the
                  | Orb.
     0 | D:1      | Reached XP level 1. HP: 14/14 MP: 1/1
     6 | D:1      | Noticed a redback
     6 | D:1      | Noticed a polar bear
     7 | D:1      | Noticed a wolf
   148 | D:1      | Reached XP level 2. HP: 14/19 MP: 2/2
   700 | D:1      | Reached XP level 3. HP: 22/24 MP: 3/3
   928 | D:1      | Reached ** piety under Trog
   947 | D:1      | Found a faded altar of an unknown god.
  1166 | D:2      | Noticed Jessica
  1174 | D:2      | Killed Jessica
  1175 | D:2      | Reached XP level 4. HP: 23/29 MP: 4/4
  2141 | D:2      | Reached XP level 5. HP: 30/33 MP: 5/5
  2476 | D:3      | Found a shadowy altar of Dithmenos.
  2645 | D:3      | Reached skill level 1 in Staves
  3285 | D:3      | Reached skill level 2 in Staves
  3285 | D:3      | Reached XP level 6. HP: 19/38 MP: 6/6
  3650 | D:4      | Reached *** piety under Trog
  3806 | D:4      | Reached skill level 3 in Staves
  4161 | D:4      | Noticed Sigmund
  4172 | D:4      | Killed Sigmund
  4173 | D:4      | Reached skill level 4 in Staves
  4173 | D:4      | Reached XP level 7. HP: 44/44 MP: 7/7
  4299 | D:5      | Entered Level 5 of the Dungeon
  4299 | D:5      | Found a shimmering blue altar of Sif Muna.
  4752 | D:4      | Reached skill level 5 in Staves
  5317 | D:5      | Reached skill level 6 in Staves
  5317 | D:5      | Reached XP level 8. HP: 36/48 MP: 8/8
  5488 | D:5      | Reached skill level 5 in Fighting
  5512 | D:5      | Killed from afar by a white imp

Illustrated notes

Levels and vault maps discovered:
D:1:      onia_arrival_zoo_common, layout_loops_ring, basic_ecumenical_altar,
          nrook_mini_vaults
D:2:      layout_basic, uniq_jessica
D:3:      layout_rooms, grunt_dithmenos_smoke
D:4:      layout_basic, minmay_misc_feat_columns, grunt_ministairs_12,
          uniq_sigmund
D:5:      cheibrodos_helix_gallery, layout_rooms, marbit_many_paths,
          nicolae_sif_muna_condensation, minmay_gold_behind_fungi,
          grunt_ministairs_10

Skill      XL: |  1  2  3  4  5  6  7  8 |
---------------+-------------------------+-----
Dodging        | 2 3 |  3.1
Fighting       | 4 5 |  5.0
Maces & Flails | 4 |  4.4
Armour         | 3 |  3.0
Staves         | 2 4 6 |  6.4
Stealth        | |  0.9

Action                   |  1- 3 |  4- 6 |  7- 9 || total
-------------------------+-------+-------+-------++-------
Melee: Mace              |   110 |    68 |       ||   178
       Quarterstaff      |       |   129 |    82 ||   211
Invok: Berserk           |     1 |     1 |     4 ||     6
  Use: Scroll            |       |     4 |       ||     4
Armor: Animal skin       |    41 |    67 |    27 ||   135
Dodge: Dodged            |    90 |   114 |    63 ||   267
